SAA
CASPER GHOSTS @ IRVING BLUE SOX
08/02/2037
 
TOP OF THE 1ST
Casper Ghosts batting - Pitching for Irving Blue Sox : RHP Joe Holland
Pitching: RHP Joe Holland
Batting: LHB Basava Puri 0-0: Fly out, F8 (Line Drive, 8LM, EV 94.4 MPH)
Batting: LHB Carlos Campos 0-0: Called Strike
0-1: Foul Ball, location: 2F
0-2: Strikes out swinging
Batting: RHB César Guerra 0-0: Called Strike
0-1: Foul Ball, location: 2F
0-2: Ball
1-2: Strikes out swinging
Top of the 1st over - 0 runs, 0 hits, 0 errors, 0 left on base; Casper 0 - Irving 0
BOTTOM OF THE 1ST
Irving Blue Sox batting - Pitching for Casper Ghosts : RHP Pascal Martin
Pitching: RHP Pascal Martin
Batting: LHB Mitchell Pate 0-0: Fly out, F9 (Flyball, 89M, EV 85.6 MPH)
Batting: LHB António Escobeda 0-0: Ball
1-0: Foul Ball, location: 2F
1-1: Swinging Strike
1-2: Fly out, F8 (Flyball, 78D, EV 97.5 MPH)
Batting: LHB Ánibal Leobardo 0-0: Ground out 4-3 (Groundball, 4, EV 79.4 MPH)
Bottom of the 1st over - 0 runs, 0 hits, 0 errors, 0 left on base; Casper 0 - Irving 0
TOP OF THE 2ND
Casper Ghosts batting - Pitching for Irving Blue Sox : RHP Joe Holland
Batting: LHB Ed Holte 0-0: Ball
1-0: Ball
2-0: Called Strike
2-1: Called Strike
2-2: Foul Ball, location: 2F
2-2: SINGLE (Groundball, 4MD, EV 95.6 MPH)
Batting: LHB Charles Godard 0-0: Ball
1-0: Fly out, F8 (Flyball, 89S, EV 84.4 MPH)
Batting: LHB Duncan Witteman 0-0: Grounds into double play, 4-6-3 (Groundball, 4, EV 82.5 MPH)
Top of the 2nd over - 0 runs, 1 hit, 0 errors, 0 left on base; Casper 0 - Irving 0
BOTTOM OF THE 2ND
Irving Blue Sox batting - Pitching for Casper Ghosts : RHP Pascal Martin
Batting: SHB Govaart Baars 0-0: Ball
1-0: Ball
2-0: Swinging Strike
2-1: Foul Ball, location: 2F
2-2: Strikes out swinging
Batting: LHB Wilson Hernández 0-0: Called Strike
0-1: Called Strike
0-2: Ball
1-2: Ball
2-2: Strikes out looking
Batting: RHB Juan Perales 0-0: Ball
1-0: Swinging Strike
1-1: Foul Ball, location: 2F
1-2: Ball
2-2: Ground out 4-3 (Groundball, 4S, EV 91.2 MPH)
Bottom of the 2nd over - 0 runs, 0 hits, 0 errors, 0 left on base; Casper 0 - Irving 0
TOP OF THE 3RD
Casper Ghosts batting - Pitching for Irving Blue Sox : RHP Joe Holland
Batting: RHB Tristan Eikelenboom 0-0: Ball
1-0: Foul Ball, location: 2F
1-1: Fly out, F5 (Line Drive, 5, EV 65.6 MPH)
Batting: RHB Tatsui Kiyomizu 0-0: Called Strike
0-1: Ball
1-1: Called Strike
1-2: Ball
2-2: Foul Ball, location: 2F
2-2: Foul Ball, location: 2F
2-2: SINGLE (Flyball, 78S, EV 85.6 MPH)
Batting: RHB Ángel Castro 0-0: Ball
1-0: Called Strike
1-1: Fielders Choice at 2nd, 1-6 (Groundball, 34S, EV 87.5 MPH)
Batting: LHB Basava Puri 0-0: Called Strike
0-1: Foul Ball, location: 2F
0-2: Strikes out swinging
Top of the 3rd over - 0 runs, 1 hit, 0 errors, 1 left on base; Casper 0 - Irving 0
BOTTOM OF THE 3RD
Irving Blue Sox batting - Pitching for Casper Ghosts : RHP Pascal Martin
Batting: SHB Franck Kooijmans 0-0: Called Strike
0-1: Ball
1-1: Swinging Strike
1-2: Strikes out swinging
Batting: RHB José García 0-0: Ball
1-0: Called Strike
1-1: Called Strike
1-2: Ball
2-2: Foul Ball, location: 2F
2-2: Foul Ball, location: 2F
2-2: Foul Ball, location: 2F
2-2: Foul Ball, location: 2F
2-2: Foul Ball, location: 2F
2-2: Ball
3-2: Ground out 1-3 (Groundball, P, EV 66.2 MPH)
Batting: RHB Nelson Morán 0-0: Foul Ball, location: 2F
0-1: Called Strike
0-2: Ball
1-2: Strikes out looking
Bottom of the 3rd over - 0 runs, 0 hits, 0 errors, 0 left on base; Casper 0 - Irving 0
TOP OF THE 4TH
Casper Ghosts batting - Pitching for Irving Blue Sox : RHP Joe Holland
Batting: LHB Carlos Campos 0-0: Ball
1-0: Ball
2-0: Ball
3-0: Called Strike
3-1: Called Strike
3-2: Foul Ball, location: 2F
3-2: Ground out 2-3 (Groundball, 13S, EV 66.9 MPH)
Batting: RHB César Guerra 0-0: DOUBLE (Flyball, 8RD, EV 108.1 MPH)
Batting: LHB Ed Holte 0-0: Fly out, F7 (Flyball, 78D, EV 106.9 MPH)
Batting: LHB Charles Godard 0-0: Swinging Strike
0-1: Ball
1-1: Foul Ball, location: 2F
1-2: Strikes out looking
Top of the 4th over - 0 runs, 1 hit, 0 errors, 1 left on base; Casper 0 - Irving 0
BOTTOM OF THE 4TH
Irving Blue Sox batting - Pitching for Casper Ghosts : RHP Pascal Martin
Batting: LHB Mitchell Pate 0-0: Ground out U3 (Groundball, 3, EV 88.8 MPH)
Batting: LHB António Escobeda 0-0: Called Strike
0-1: Swinging Strike
0-2: Ball
1-2: Foul Ball, location: 2F
1-2: Foul Ball, location: 2F
1-2: Ball
2-2: Ball
3-2: Base on Balls
Batting: LHB Ánibal Leobardo 0-0: Ball
1-0: Fielders Choice at 2nd, 4-6 (Groundball, 4M, EV 103.1 MPH)
Batting: SHB Govaart Baars 0-0: Ball
1-0: Called Strike
1-1: Ball
2-1: Ball
3-1: SINGLE (Line Drive, 56D, EV 104.4 MPH)
Ánibal Leobardo to second
Runner from 2nd tries for 3rd, SAFE, throw by LF made to third
Pinch Runner at 3rd Cory Phast Lane:
Batting: LHB Wilson Hernández 0-0: Ball
1-0: SINGLE (Groundball, 25, EV 64.4 MPH) (infield hit)
Cory Phast Lane scores
Govaart Baars to second
Batting: RHB Juan Perales 0-0: Ball
1-0: Ball
2-0: Ball
3-0: Base on Balls
Govaart Baars to third
Wilson Hernández to second
Batting: SHB Franck Kooijmans 0-0: Ball
1-0: Called Strike
1-1: SINGLE (Flyball, 89S, EV 83.8 MPH)
Govaart Baars scores
Wilson Hernández to third
Juan Perales to second
Runner from 3rd tries for Home, SAFE, throw by RF to home
Batting: RHB José García 0-0: Ball
1-0: Fly out, F4 (Popup, 4S, EV 83.1 MPH)
Bottom of the 4th over - 3 runs, 3 hits, 0 errors, 2 left on base; Casper 0 - Irving 3
TOP OF THE 5TH
Casper Ghosts batting - Pitching for Irving Blue Sox : RHP Joe Holland
Now at SS: Cory Phast Lane
Batting: LHB Duncan Witteman 0-0: Ball
1-0: Called Strike
1-1: Foul Ball, location: 2F
1-2: Fly out, F6 (Popup, 6MD, EV 45.6 MPH)
Batting: RHB Tristan Eikelenboom 0-0: Foul Ball, location: 2F
0-1: Foul Ball, location: 2F
0-2: Ball
1-2: Foul Ball, location: 2F
1-2: Ground out U3 (Groundball, 34, EV 99.4 MPH)
Batting: RHB Tatsui Kiyomizu 0-0: Called Strike
0-1: Ball
1-1: Foul Ball, location: 2F
1-2: Foul Ball, location: 2F
1-2: Foul Ball, location: 2F
1-2: Ball
2-2: SINGLE (Groundball, 6MD, EV 103.8 MPH)
Batting: RHB Ángel Castro 0-0: Called Strike
0-1: SINGLE (Groundball, 6MD, EV 100.0 MPH)
Tatsui Kiyomizu to second
Runner from 2nd tries for 3rd, SAFE, no throw by CF
Batting: LHB Basava Puri 0-0: Called Strike
0-1: Called Strike
0-2: Ball
1-2: Ball
Ángel Castro steals 2nd base
2-2: SINGLE (Groundball, 6M, EV 81.9 MPH) (infield hit)
Tatsui Kiyomizu scores
Ángel Castro to third
Batting: LHB Carlos Campos 0-0: Called Strike
0-1: Called Strike
0-2: Ball
1-2: Fly out, F7 (Flyball, 7, EV 81.9 MPH)
Top of the 5th over - 1 run, 3 hits, 0 errors, 2 left on base; Casper 1 - Irving 3
BOTTOM OF THE 5TH
Irving Blue Sox batting - Pitching for Casper Ghosts : RHP Pascal Martin
Batting: RHB Nelson Morán 0-0: Called Strike
0-1: Ball
1-1: Ground out 2-3 (Groundball, 15S, EV 76.9 MPH)
Batting: LHB Mitchell Pate 0-0: Called Strike
0-1: Ball
1-1: Ground out 6-3 (Groundball, 6, EV 85.0 MPH)
Batting: LHB António Escobeda 0-0: Foul Ball, location: 2F
0-1: Ball
1-1: Foul Ball, location: 2F
1-2: Strikes out swinging
Bottom of the 5th over - 0 runs, 0 hits, 0 errors, 0 left on base; Casper 1 - Irving 3
TOP OF THE 6TH
Casper Ghosts batting - Pitching for Irving Blue Sox : RHP Joe Holland
Batting: RHB César Guerra 0-0: Ball
1-0: Ground out U3 (Groundball, 34S, EV 70.6 MPH)
Batting: LHB Ed Holte 0-0: Called Strike
0-1: Called Strike
0-2: Ball
1-2: Ball
2-2: Ball
3-2: Base on Balls
Batting: LHB Charles Godard 0-0: Ball
1-0: Called Strike
Ed Holte steals 2nd base
1-1: Called Strike
1-2: Ball
2-2: 2-RUN HOME RUN (Flyball, 9D, EV 96.2 MPH), Distance : 398 ft
Batting: LHB Duncan Witteman 0-0: Ground out 2-3 (Groundball, 13S, EV 65.6 MPH)
Batting: RHB Tristan Eikelenboom 0-0: Ball
1-0: Called Strike
1-1: Called Strike
1-2: Foul Ball, location: 2F
1-2: Ground out 6-3 (Groundball, 6, EV 88.1 MPH)
Top of the 6th over - 2 runs, 1 hit, 0 errors, 0 left on base; Casper 3 - Irving 3
BOTTOM OF THE 6TH
Irving Blue Sox batting - Pitching for Casper Ghosts : RHP Pascal Martin
Pitching: RHP Marc Henderson
Batting: RHB Cory Phast Lane 0-0: Ball
1-0: Ball
2-0: Ball
3-0: Base on Balls
Batting: SHB Govaart Baars 0-0: Foul Ball, location: 2F
0-1: Swinging Strike
0-2: Grounds out, U3 (Groundball, 3L, EV 85.6 MPH)
Batting: LHB Wilson Hernández 0-0: Called Strike
0-1: Foul Ball, location: 2F
0-2: Foul Ball, location: 2F
0-2: Ground out 4-3 (Groundball, 4, EV 106.9 MPH)
Cory Phast Lane to third
Batting: RHB Juan Perales 0-0: Ball
1-0: Swinging Strike
1-1: Foul Ball, location: 2F
1-2: Foul Ball, location: 2F
1-2: Strikes out swinging
Bottom of the 6th over - 0 runs, 0 hits, 0 errors, 1 left on base; Casper 3 - Irving 3
TOP OF THE 7TH
Casper Ghosts batting - Pitching for Irving Blue Sox : RHP Joe Holland
Batting: RHB Tatsui Kiyomizu 0-0: Called Strike
0-1: Called Strike
0-2: Foul Ball, location: 2F
0-2: Ball
1-2: Foul Ball, location: 2F
1-2: Ball
2-2: Strikes out looking
Batting: RHB Ángel Castro 0-0: Ball
1-0: Ground out 6-3 (Groundball, 6, EV 99.4 MPH)
Batting: LHB Basava Puri 0-0: Ball
1-0: Ball
2-0: Ball
3-0: Base on Balls
Batting: LHB Carlos Campos 0-0: Foul Ball, location: 2F
0-1: Ball
1-1: Ball
2-1: Ball
3-1: Base on Balls
Basava Puri to second
Batting: RHB César Guerra 0-0: Ball
1-0: Ball
2-0: Ball
3-0: Called Strike
3-1: Base on Balls
Basava Puri to third
Carlos Campos to second
Pitching: LHP Harris Hopkins
Batting: LHB Ed Holte 0-0: Called Strike
0-1: Foul Ball, location: 2F
0-2: Ball
1-2: Ball
2-2: Fly out, F9 (Flyball, 89D, EV 94.4 MPH)
Top of the 7th over - 0 runs, 0 hits, 0 errors, 3 left on base; Casper 3 - Irving 3
BOTTOM OF THE 7TH
Irving Blue Sox batting - Pitching for Casper Ghosts : RHP Marc Henderson
Batting: SHB Franck Kooijmans 0-0: Called Strike
0-1: DOUBLE (Line Drive, 78D, EV 105.0 MPH)
Batting: RHB José García 0-0: Intentional Walk
Batting: RHB Nelson Morán 0-0: Ball
1-0: Sac Bunt to 2L - play at first, batter OUT! 2-4
Franck Kooijmans to third
José García to second
Batting: LHB Mitchell Pate 0-0: Ball
1-0: Called Strike
1-1: Fly out, F7 (Flyball, 7D, EV 95.6 MPH)
Runner from 3rd tags up, OUT at HOME! 7-2
Bottom of the 7th over - 0 runs, 1 hit, 0 errors, 1 left on base; Casper 3 - Irving 3
TOP OF THE 8TH
Casper Ghosts batting - Pitching for Irving Blue Sox : LHP Harris Hopkins
Batting: LHB Charles Godard 0-0: Foul Ball, location: 2F
0-1: Fly out, F7 (Line Drive, 7D, EV 104.4 MPH)
Batting: LHB Duncan Witteman 0-0: Called Strike
0-1: Called Strike
0-2: Strikes out swinging, 2-3 out at first.
Batting: RHB Tristan Eikelenboom 0-0: Foul Ball, location: 2F
0-1: Fly out, F9 (Flyball, 9LM, EV 103.8 MPH)
Top of the 8th over - 0 runs, 0 hits, 0 errors, 0 left on base; Casper 3 - Irving 3
BOTTOM OF THE 8TH
Irving Blue Sox batting - Pitching for Casper Ghosts : RHP Marc Henderson
Batting: LHB António Escobeda 0-0: Ball
1-0: Called Strike
1-1: Called Strike
1-2: Foul Ball, location: 2F
1-2: Ball
2-2: Strikes out looking
Batting: RHB Cory Phast Lane 0-0: Ball
1-0: Called Strike
1-1: Ground out 4-3 (Groundball, 4, EV 94.4 MPH)
Batting: SHB Govaart Baars 0-0: Foul Ball, location: 2F
0-1: SINGLE (Groundball, 4D, EV 94.4 MPH)
Batting: LHB Wilson Hernández 0-0: Ball
1-0: Ball
2-0: Ground out 4-3 (Groundball, 4, EV 77.5 MPH)
Bottom of the 8th over - 0 runs, 1 hit, 0 errors, 1 left on base; Casper 3 - Irving 3
TOP OF THE 9TH
Casper Ghosts batting - Pitching for Irving Blue Sox : LHP Harris Hopkins
Batting: RHB Tatsui Kiyomizu 0-0: SINGLE (Line Drive, 7S, EV 105.0 MPH)
Batting: RHB Ángel Castro 0-0: Ball
1-0: Bunted foul
1-1: Bunted foul
1-2: Ball
2-2: Strikes out looking
Batting: LHB Basava Puri 0-0: Ball
1-0: Ball
2-0: Called Strike
2-1: DOUBLE (Flyball, 8RXD, EV 85.0 MPH)
Tatsui Kiyomizu to third
Runner from 3rd tries for Home, SAFE, no throw by CF
Batting: LHB Carlos Campos 0-0: Called Strike
Basava Puri steals 3rd base
0-1: Fly out, F9 (Flyball, 9D, EV 91.2 MPH)
Runner from 3rd tags up, SCORES, no throw by RF
Batting: RHB César Guerra 0-0: Called Strike
0-1: Ball
1-1: Ball
2-1: Ball
3-1: DOUBLE (Line Drive, 5D, EV 96.2 MPH)
Batting: LHB Ed Holte 0-0: Ball
1-0: DOUBLE (Groundball, 5L, EV 105.0 MPH)
César Guerra scores
Pitching: LHP Francisco Ortíz
Batting: LHB Charles Godard 0-0: Ball
1-0: Called Strike
1-1: Ball
2-1: Ball
3-1: Base on Balls
Batting: LHB Duncan Witteman 0-0: Ball
1-0: Called Strike
1-1: Foul Ball, location: 2F
1-2: Strikes out looking
Top of the 9th over - 3 runs, 4 hits, 0 errors, 2 left on base; Casper 6 - Irving 3
BOTTOM OF THE 9TH
Irving Blue Sox batting - Pitching for Casper Ghosts : RHP Marc Henderson
Pitching: RHP Anthony Hurst
Batting: RHB Juan Perales 0-0: Ball
1-0: Ball
2-0: Ball
3-0: Base on Balls
Batting: SHB Franck Kooijmans 0-0: Ball
1-0: Called Strike
1-1: Called Strike
1-2: Ball
2-2: Ball
3-2: Base on Balls
Juan Perales to second
Batting: RHB José García 0-0: Foul Ball, location: 2F
0-1: Ball
1-1: Grounds into double play, 6-4-3 (Groundball, 6, EV 81.2 MPH)
Juan Perales to third
Batting: RHB Nelson Morán 0-0: Ball
1-0: Called Strike
1-1: Called Strike
1-2: Strikes out swinging
Bottom of the 9th over - 0 runs, 0 hits, 0 errors, 1 left on base; Casper 6 - Irving 3
Thursday, January 23rd, 2020 - OOTP Baseball 20.8 Build 74